 Dungeon Crawl Stone Soup version 0.31-a0-986-g5e6e4ef867 (webtiles) character file.

Game seed: 7707824992419736730

1303 Dittersdorf the Covered (level 8, -3/64 HPs)
             Began as a Human Fighter on Nov 7, 2023.
             Was an Initiate of Gozag.
             Slain by an orc warrior
             ... wielding a +0 trident
              (10 damage)
             ... on level 6 of the Dungeon.
             The game lasted 00:05:43 (4992 turns).

Dittersdorf the Covered (Human Fighter)             Turns: 4992, Time: 00:05:43

Health: -3/64      AC: 11    Str: 18    XL:     8   Next: 87%
Magic:  8/8        EV:  7    Int:  9    God:    Gozag
Gold:   576        SH:  5    Dex: 13    Spells: 7/7 levels left

rFire   . . .        a - +0 long sword
rCold   . . .        c - +0 buckler
rNeg    . . .        e - +0 chain mail
rPois   .            (no helmet)
rElec   .            (no cloak)
rCorr   .            (no gloves)
SInv    .            j - +0 pair of boots
Will    .....        (no amulet) Stlth
                     (no ring)
HPRegen 0.30/turn    (no ring)
MPRegen 0.11/turn

%: no passive effects
@: no status effects
A: no striking features
a: Renounce Religion, Potion Petition, Call Merchant, Bribe Branch


You were on level 6 of the Dungeon.
You worshipped Gozag.
Gozag was pleased with you.
You visited 2 branches of the dungeon, and saw 7 of its levels.

You collected 614 gold pieces.
You paid 38 gold pieces to Gozag.

Inventory:

Hand Weapons
 a - a +0 long sword (weapon)
Armour
 c - a +0 buckler (worn)
 e - a +0 chain mail (worn)
 j - a +0 pair of boots (worn)
Scrolls
 f - a scroll of vulnerability {unknown}
 h - 4 scrolls of amnesia {unknown}
 i - a scroll of immolation {unknown}
 l - a scroll of blinking {unknown}
 n - 3 scrolls of torment {unknown}
Potions
 d - a potion of might
 g - 2 potions of curing
 m - a potion of mutation
 o - 2 potions of brilliance
 q - a potion of invisibility


   Skills:
 + Level 5.8 Fighting
 + Level 5.3 Long Blades
 + Level 5.8 Armour
 + Level 5.8 Shields


You had 7 spell levels left.
You didn't know any spells.
Your spell library contained the following spells:

 Spells                   Type           Power      Damage    Failure   Level
 Blink                    Tloc           0%         N/A       99%         2
 Manifold Assault         Tloc           0%         N/A       100%        4


Dungeon Overview and Level Annotations

Branches:
Dungeon (6/15)             Temple (1/1) D:4

Altars:
Ashenzari
Cheibriados
Dithmenos
Elyvilon
Gozag
Hepliaklqana
Makhleb
Nemelex Xobeh
Okawaru
Qazlal
Ru
Sif Muna
Uskayaw
Vehumet
Wu Jian
Xom
Yredelemnul
Zin
The Shining One

Shops:
D:2 :?=?[


Message History

The orc warrior hits you from afar with a +0 trident.
The orc hits you with a +0 mace.
The orc warrior hits you from afar with a +0 trident.
You hit the orc.
The orc is severely wounded.
The orc hits you but does no damage.
The orc warrior hits you from afar with a +0 trident.
You hit the orc.
You kill the orc!
The orc warrior hits you but does no damage.
The orc warrior hits you but does no damage.
Things that are here:
5 gold pieces; a +0 mace; a +0 scale mail You closely miss the orc warrior.
You block the orc warrior's attack.
You hit the orc warrior.
The orc warrior is lightly wounded.
The orc warrior hits you with a +0 trident!
* * * LOW HITPOINT WARNING * * *
You closely miss the orc warrior.
The orc warrior is lightly wounded.
The orc warrior hits you but does no damage.
You hit the orc warrior but do no damage.
The orc warrior is lightly wounded.
The orc warrior barely misses you. x2
You barely miss the orc warrior.
The orc warrior is lightly wounded.
The orc warrior closely misses you.
The orc warrior hits you from afar with a +0 trident!
* * * LOW HITPOINT WARNING * * *
The orc warrior attacks as it pursues you!
The orc warrior barely misses you.
Things that are here:
9 gold pieces; a +0 dagger; a +0 robe The orc warrior attacks as it pursues you!
The orc warrior hits you from afar with a +0 trident.
* * * LOW HITPOINT WARNING * * *
The orc warrior attacks as it pursues you!
The orc warrior hits you from afar with a +0 trident!
You die...
Your body crumbles into a pile of gold.

.# .. # #.
##########..# #.
#..o.c.$....#
#.##@#########.#
#..#.# #######...#.#
............#
###########.#...#
............#.......
########....#.#.....
#....#.#.##..#
#....#.#.. ...


You could see an orc warrior and a centaur.

Vanquished Creatures
  A kobold demonologist (D:4)
  A yak (D:6)
  An ice beast (D:4)
  An ogre (D:5)
  A centaur (D:5)
  A phantom (D:5)
  A bullfrog (D:5)
  2 scorpions (D:5)
  A jelly (D:5)
  3 iguanas
  2 sleepcaps (D:5)
  An orc wizard (D:6)
  4 adders
  3 white imps
  3 worms
  3 dart slugs
  5 orcs
  8 bats
  7 endoplasms
  3 giant cockroaches
  11 goblins
  11 hobgoblins
  2 jackals (D:4)
  3 quokkas
  6 ball pythons
  2 frilled lizards (D:2)
  7 kobolds
  6 rats
100 creatures vanquished.

Notes
Turn   | Place    | Note
-------+----------+-------------------------------------------
     0 | D:1      | Dittersdorf the Human Fighter began the quest for the Orb.
     0 | D:1      | Reached XP level 1. HP: 18/18 MP: 1/1
    14 | D:1      | Found a faded altar of an unknown god.
   147 | D:1      | Reached XP level 2. HP: 22/24 MP: 2/2
   424 | D:1      | Reached XP level 3. HP: 24/29 MP: 3/3
   594 | D:2      | Found a hazy altar of Hepliaklqana.
   685 | D:2      | Found Icvy's Jewellery Shoppe.
   805 | D:2      | Found Nainteov's Magic Scroll Boutique.
   857 | D:2      | Reached XP level 4. HP: 35/35 MP: 4/4
   943 | D:2      | Found Toghenou's Book Shoppe.
  1000 | D:2      | Found Erhukhlonk's Antique Armour Shoppe.
  1250 | D:2      | Found Lugoban Maca's Magic Scroll Shop.
  1430 | D:3      | Found an opulent altar of Gozag.
  1439 | D:3      | Became a worshipper of Gozag Ym Sagoz the Greedy
  1730 | D:3      | Reached XP level 5. HP: 41/42 MP: 5/5
  2512 | D:4      | Noticed an ice beast
  2532 | D:4      | Killed an ice beast
  2533 | D:4      | Reached XP level 6. HP: 35/48 MP: 6/6
  2602 | D:4      | Found a staircase to the Ecumenical Temple.
  3091 | D:5      | Entered Level 5 of the Dungeon
  3212 | D:5      | Reached XP level 7. HP: 47/55 MP: 7/7
  3279 | D:5      | Found a snail-covered altar of Cheibriados.
  3574 | Temple   | Entered the Ecumenical Temple
  3919 | D:5      | Noticed a kobold demonologist
  3947 | D:5      | Noticed a rust devil
  4059 | D:5      | Noticed a sixfirhy
  4063 | D:4      | Noticed a sixfirhy
  4064 | D:4      | Noticed an ice devil
  4064 | D:4      | Killed a kobold demonologist
  4065 | D:4      | Reached skill level 5 in Fighting
  4065 | D:4      | Reached skill level 5 in Armour
  4065 | D:4      | Reached skill level 5 in Shields
  4065 | D:4      | Reached XP level 8. HP: 23/62 MP: 8/8
  4485 | D:5      | Reached skill level 5 in Long Blades
  4688 | D:5      | Found a shimmering altar of Xom.
  4823 | D:6      | Noticed a yak
  4862 | D:6      | Killed a yak
  4992 | D:6      | Slain by an orc warrior

Illustrated notes

Levels and vault maps discovered:
D:1:      scummos_arrival_star, layout_basic, ebering_ecumenical_altar_mist
D:2:      layout_basic, serial_shops, nicolae_shop_advertising_works
          [nicolae_subvault_shop_adworks], shop, nicolae_shop_window_shopping,
          nicolae_book_shop_shelving, nicolae_shop_peninsula, basic_altar,
          minmay_tetromino_l2
D:3:      layout_basic, nicolae_gozag_cash_rules_everything_around_me,
          serial_glass, glass_columns_a, glass_columns_a, minmay_circle_x
D:4:      layout_loops_corners, minmay_temple_entry_glass, serial_bayou,
          serial_bayou_pond_e, serial_bayou_shore_b, serial_bayou_crossing,
          serial_bayou_lagoon_b, serial_bayou_pond_e
D:5:      layout_loops_cross, kennysheep_mini_moat,
          mainiacjoe_overflow_surrounded_room
D:6:      layout_basic, uniq_grinder, uniq_maggie
Temple:   eino_temple_scatter_basement

Skill      XL: |  1  2  3  4  5  6  7  8 |
---------------+-------------------------+-----
Long Blades    | 3 4 5 |  5.3
Fighting       | 4 5 |  5.8
Armour         | 4 5 |  5.8
Shields        | 4 5 |  5.8

Action                     |  1- 3 |  4- 6 |  7- 9 || total
---------------------------+-------+-------+-------++-------
  Melee: Long sword        |   133 |   177 |   176 ||   486
    Use: Scroll            |       |       |     7 ||     7
 Armour: Scale mail        |    14 |       |       ||    14
         Chain mail        |   104 |   126 |   205 ||   435
  Dodge: Dodged            |    51 |    60 |    58 ||   169
  Block: Buckler           |    39 |    47 |    53 ||   139

Table legend: (Time is in decaauts)
 A = Elapsed time spent in this place.
 B = Non-inter-level travel time spent in this place.
 C = Inter-level travel time spent in this place.
 D = Time resting spent in this place.
 E = Time spent auto-exploring this place.
 F = Levels seen in this place.
 G = Mean time per level.
                   A        B        C        D        E       F      G
               +--------+--------+--------+--------+--------+-----+--------+
         Total |   5143 |   4955 |    188 |    738 |   3096 |   7 |  734.7 |
       Dungeon |   5141 |   4953 |    188 |    738 |   3096 |   6 |  856.8 |
        Temple |      1 |      1 |      0 |      0 |      0 |   1 |    1.0 |
               +--------+--------+--------+--------+--------+-----+--------+

Top non-repeatable levels by time:
     D:5: 1403 daAuts
     D:4: 1371 daAuts
     D:2: 823 daAuts
     D:3: 641 daAuts
     D:1: 620 daAuts
     D:6: 281 daAuts
  Temple: 1 daAuts
